Map: Blueshift LE

Players

Zest - Winner!

  • Race: Protoss Protoss
  • League: Master
  • Spawn Location: 1:00

lIIllllIIlll (INnoVation)

  • Race: Terran Terran
  • League: Master
  • Spawn Location: 7:00

Event: HomeStory Cup XVIII

VOD

Have the link to the VOD?

Description

Time

  • Played on: Nov. 25, 2018, 12:44 p.m.
  • Length: 7:58

All games in this series

Show
View Real Time Build Order
Export as new Build Order

Zest Protoss - Winner!

Build Orders: 1 Gate Expand 

Get SALT Encoding   

  12  0:00  Probe  
  13  0:12  Probe  
  14  0:18  Pylon  
  14  0:24  Probe  
  15  0:32  Probe  
  15  0:36  Gateway  
  15  0:40  Probe  
  16  0:46  Assimilator  
  17  0:51  Probe  
  18  1:03  Probe  
  19  1:15  Probe  
  20  1:23  Cybernetics Core  
  20  1:32  Nexus  
  20  1:36  Probe  
  20  1:38  Warp Gate  
  21  1:42  Pylon  
  21  1:48  Probe  
  21  1:50  Assimilator  
  22  2:00  Probe  
  22  2:01  Adept  
  25  2:12  Probe  
  26  2:24  Probe  
  26  2:28  Stalker  
  29  2:37  Gateway  
  29  2:38  Gateway  
  29  2:39  Probe  
  30  2:45  Probe  
  31  2:51  Probe  
  31  2:57  Probe  
  33  3:03  Probe, Stalker  
  36  3:09  Probe  
  37  3:15  Probe  
  38  3:21  Pylon, Probe  
  38  3:26  Robotics Facility  
  41  3:36  Pylon  
  38  3:41  Stalker  
  38  3:42  Stalker x2  
  38  3:45  Probe  
  38  3:46  Probe  
  46  4:00  Probe x2  
  48  4:07  Observer  
  48  4:08  Stalker x3  
  54  4:12  Probe x2  
  55  4:32  Immortal  
  55  4:36  Stalker  
  55  4:37  Stalker x2  
  55  4:38  Probe  
  61  4:48  Probe  
  61  4:50  Probe  
  54  5:02  Zealot x3  
  54  5:07  Immortal  
  54  5:08  Shield Battery  
  54  5:10  Shield Battery  
  58  5:16  Shield Battery  
  58  5:23  Stalker x2  
  58  5:36  Warp Prism  
  58  5:52  Stalker x2  
  58  5:54  Pylon  
  50  6:14  Stalker  
  50  6:15  Stalker x2  
  56  6:29  Immortal  
  60  6:45  Zealot x3  
  62  6:53  Probe x2  
  58  6:54  Gateway  
  58  6:56  Gateway  
  58  7:02  Observer  
  58  7:03  Gateway  
  58  7:06  Stalker  
  58  7:07  Stalker x2  
  64  7:15  Probe x2  
  67  7:18  Pylon  
  67  7:20  Pylon  
  67  7:22  Pylon  
Show
View Real Time Build Order
Export as new Build Order

lIIllllIIlll Terran 

Build Orders: Cyclone Opening 

Get SALT Encoding   

  12  0:00  SCV  
  13  0:12  SCV  
  14  0:17  Supply Depot  
  14  0:24  SCV  
  15  0:39  SCV  
  15  0:40  Barracks  
  16  0:45  Refinery  
  16  0:51  SCV  
  16  0:55  Refinery  
  17  1:03  SCV  
  18  1:05  Barracks  
  18  1:15  SCV  
  19  1:26  Supply Depot  
  19  1:27  SCV  
  20  1:52  Reaper, Orbital Command  
  20  1:53  Factory  
  21  2:08  Factory  
  21  2:18  SCV  
  22  2:25  Barracks Reactor  
  22  2:30  SCV  
  22  2:36  Factory Tech Lab  
  23  2:39  Supply Depot  
  23  2:42  SCV  
  24  2:52  Widow Mine  
  24  2:56  Cyclone  
  29  2:59  SCV  
  29  3:03  Supply Depot  
  29  3:04  Marine x2  
  32  3:12  SCV  
  33  3:14  Mag-Field Accelerator  
  33  3:28  Widow Mine, Cyclone  
  33  3:29  Widow Mine  
  40  3:37  SCV  
  40  3:39  Supply Depot  
  41  3:49  Marine  
  41  3:50  Widow Mine x2  
  46  4:01  Cyclone  
  49  4:03  Supply Depot  
  49  4:15  Widow Mine  
  49  4:16  Widow Mine  
  49  4:34  SCV  
  49  4:37  Cyclone  
  48  4:45  Marine  
  47  4:46  Widow Mine x2, SCV  
  48  4:58  SCV  
  49  5:06  Marine  
  48  5:07  Widow Mine  
  48  5:08  Widow Mine  
  48  5:10  SCV  
  48  5:13  Cyclone  
  54  5:24  Marine  
  53  5:29  Widow Mine x2  
  53  5:32  SCV  
  55  5:43  Marine  
  55  5:46  Cyclone  
  59  5:50  Widow Mine x2  
  55  6:17  Widow Mine, Marine  
  55  6:18  Widow Mine  
  37  6:47  Widow Mine, Cyclone  
  37  6:48  Marine  
  37  6:49  SCV  
  37  6:53  Widow Mine  
  44  7:01  SCV  
  44  7:06  Marine  
  46  7:09  Widow Mine  
  46  7:15  Widow Mine  
  47  7:35  SCV  
Tags
 
Add a new tag
Caveats
  • Supply blocks, unpowered buildings, or Contaminate may cause inaccurate times.
  • Supply counts are checked every 10 seconds.